| TOP OF THE 1ST |
|
Lowell Spinners batting - Pitching for Los Angeles (NYP) Angels : RHP Chris Adams
|
|
Pitching: RHP Chris Adams
|
|
|
Batting: RHB Aukukero Tairi
|
0-0: Ball 1-0: SINGLE (Flyball, 9LS, EV 93.8 MPH)
|
|
Batting: RHB Xavier Joslin
|
0-0: Ball 1-0: Called Strike 1-1: Ball 2-1: Ball 3-1: Base on Balls Aukukero Tairi to second
|
|
Batting: SHB Salvador Padilla
|
0-0: Called Strike 0-1: Called Strike 0-2: Ball Passed Ball! Aukukero Tairi to third Xavier Joslin to second 1-2: Fly out, F6 (Popup, 6, EV 56.9 MPH)
|
|
Batting: RHB Tony Gallegos
|
0-0: Ball 1-0: TRIPLE (Flyball, 89XD, EV 100.0 MPH) Aukukero Tairi scores Xavier Joslin scores
|
|
Batting: RHB Raul Sanchez
|
0-0: Called Strike 0-1: Ball 1-1: Swinging Strike 1-2: Ball 2-2: Ball 3-2: Foul Ball, location: 2F 3-2: Base on Balls
|
|
Batting: RHB Mario Arriero
|
0-0: Called Strike 0-1: Ball 1-1: Ball 2-1: Ball 3-1: Foul Ball, location: 2F 3-2: Reached on error, E6 (Groundball, 6MS, EV 70.0 MPH) Tony Gallegos scores Raul Sanchez to second
|
|
Batting: RHB Willie Camacho
|
0-0: Ball 1-0: Fielders Choice at 2nd, 6-4 (Groundball, 6, EV 79.4 MPH) Raul Sanchez to third
|
|
Batting: LHB Robert Gonzalez
|
0-0: Called Strike 0-1: Called Strike 0-2: Ball 1-2: Ball 2-2: Strikes out swinging
|
| Top of the 1st over - 3 runs, 2 hits, 1 error, 2 left on base; Lowell 3 - Los Angeles (NYP) 0 |
| BOTTOM OF THE 1ST |
|
Los Angeles (NYP) Angels batting - Pitching for Lowell Spinners : RHP Austin O'Connor
|
|
Pitching: RHP Austin O'Connor
|
|
|
Batting: RHB Nick Lombardo
|
0-0: Called Strike 0-1: Ground out 6-3 (Groundball, 6, EV 98.1 MPH)
|
|
Batting: RHB Khalil Thurston
|
0-0: Ball 1-0: Called Strike 1-1: Ball 2-1: Foul Ball, location: 2F 2-2: Strikes out looking
|
|
Batting: LHB Dave Hicks
|
0-0: Ball 1-0: Ground out 4-3 (Groundball, 4M, EV 107.5 MPH)
|
| Bottom of the 1st over - 0 runs, 0 hits, 0 errors, 0 left on base; Lowell 3 - Los Angeles (NYP) 0 |
| TOP OF THE 2ND |
|
Lowell Spinners batting - Pitching for Los Angeles (NYP) Angels : RHP Chris Adams
|
|
Batting: RHB Rogelio Cervantes
|
0-0: Called Strike 0-1: Ball 1-1: Foul Ball, location: 2F 1-2: Strikes out swinging
|
|
Batting: RHB Aukukero Tairi
|
0-0: Ball 1-0: Ball 2-0: Ball 3-0: Called Strike 3-1: Ground out 6-3 (Groundball, 6, EV 104.4 MPH)
|
|
Batting: RHB Xavier Joslin
|
0-0: Ball 1-0: Fly out, F8 (Flyball, 8RM, EV 91.2 MPH)
|
| Top of the 2nd over - 0 runs, 0 hits, 0 errors, 0 left on base; Lowell 3 - Los Angeles (NYP) 0 |
| BOTTOM OF THE 2ND |
|
Los Angeles (NYP) Angels batting - Pitching for Lowell Spinners : RHP Austin O'Connor
|
|
Batting: LHB Mutsuo IIda
|
0-0: Ground out 5-3 (Groundball, 5, EV 103.1 MPH)
|
|
Batting: RHB T.J. Gray
|
0-0: Foul Ball, location: 2F 0-1: Swinging Strike 0-2: Ball 1-2: Foul Ball, location: 2F 1-2: Ball 2-2: Reached on error, E5 (Groundball, 56, EV 101.9 MPH)
|
|
Batting: RHB Dean LeCroy
|
0-0: Ball 1-0: Called Strike 1-1: Foul Ball, location: 2F 1-2: Ball 2-2: Strikes out swinging
|
|
Batting: SHB Tim Connell
|
0-0: Called Strike 0-1: Ball T.J. Gray steals 2nd base 1-1: Ground out 5-3 (Groundball, 56, EV 105.0 MPH)
|
| Bottom of the 2nd over - 0 runs, 0 hits, 1 error, 1 left on base; Lowell 3 - Los Angeles (NYP) 0 |
| TOP OF THE 3RD |
|
Lowell Spinners batting - Pitching for Los Angeles (NYP) Angels : RHP Chris Adams
|
|
Batting: SHB Salvador Padilla
|
0-0: Swinging Strike 0-1: Foul Ball, location: 2F 0-2: Ball 1-2: Ground out 4-3 (Groundball, 4S, EV 61.9 MPH)
|
|
Batting: RHB Tony Gallegos
|
0-0: Called Strike 0-1: Ball 1-1: Foul Ball, location: 2F 1-2: Ball 2-2: Ground out 4-3 (Groundball, 13, EV 85.0 MPH)
|
|
Batting: RHB Raul Sanchez
|
0-0: Called Strike 0-1: Ball 1-1: DOUBLE (Line Drive, 7LM, EV 108.1 MPH)
|
|
Batting: RHB Mario Arriero
|
0-0: TRIPLE (Flyball, 89XD, EV 90.6 MPH) Raul Sanchez scores
|
|
Batting: RHB Willie Camacho
|
0-0: Foul Ball, location: 2F 0-1: Fly out, F9 (Flyball, 9S, EV 89.4 MPH)
|
| Top of the 3rd over - 1 run, 2 hits, 0 errors, 1 left on base; Lowell 4 - Los Angeles (NYP) 0 |
| BOTTOM OF THE 3RD |
|
Los Angeles (NYP) Angels batting - Pitching for Lowell Spinners : RHP Austin O'Connor
|
|
Batting: SHB Yuya Hirata
|
0-0: Ball 1-0: Ball 2-0: Ground out U3 (Groundball, 3, EV 77.5 MPH)
|
|
Batting: RHB Ron Major
|
0-0: Ball 1-0: Ball 2-0: Ball 3-0: Base on Balls
|
|
Batting: RHB Nick Lombardo
|
0-0: Fielders Choice at 2nd, 5-4 (Groundball, 56, EV 85.6 MPH)
|
|
Batting: RHB Khalil Thurston
|
0-0: DOUBLE (Groundball, 5L, EV 106.9 MPH) Nick Lombardo to third
|
|
Batting: LHB Dave Hicks
|
0-0: Ball 1-0: Ball 2-0: Ball 3-0: Base on Balls
|
|
Batting: LHB Mutsuo IIda
|
0-0: Swinging Strike 0-1: Ball 1-1: Foul Ball, location: 2F 1-2: Fly out, F9 (Flyball, 9D, EV 90.6 MPH)
|
| Bottom of the 3rd over - 0 runs, 1 hit, 0 errors, 3 left on base; Lowell 4 - Los Angeles (NYP) 0 |
| TOP OF THE 4TH |
|
Lowell Spinners batting - Pitching for Los Angeles (NYP) Angels : RHP Chris Adams
|
|
Batting: LHB Robert Gonzalez
|
0-0: Ball 1-0: Foul Ball, location: 2F 1-1: Ball 2-1: Foul Ball, location: 2F 2-2: Foul Ball, location: 2F 2-2: Fly out, F8 (Flyball, 8RM, EV 91.9 MPH)
|
|
Batting: RHB Rogelio Cervantes
|
0-0: Ball 1-0: Foul Ball, location: 2F 1-1: Ball 2-1: Swinging Strike 2-2: Ground out 5-3 (Groundball, 5, EV 100.6 MPH)
|
|
Batting: RHB Aukukero Tairi
|
0-0: Called Strike 0-1: Ball 1-1: Ball 2-1: Foul Ball, location: 2F 2-2: Ball 3-2: Foul Ball, location: 2F 3-2: Ground out 5-3 (Groundball, 56S, EV 85.0 MPH)
|
| Top of the 4th over - 0 runs, 0 hits, 0 errors, 0 left on base; Lowell 4 - Los Angeles (NYP) 0 |
| BOTTOM OF THE 4TH |
|
Los Angeles (NYP) Angels batting - Pitching for Lowell Spinners : RHP Austin O'Connor
|
|
Batting: RHB T.J. Gray
|
0-0: Called Strike 0-1: Ball 1-1: Called Strike 1-2: Ground out 4-3 (Groundball, 4, EV 90.0 MPH)
|
|
Batting: RHB Dean LeCroy
|
0-0: Swinging Strike 0-1: Ball 1-1: Ball 2-1: Foul Ball, location: 2F 2-2: Fly out, F7 (Flyball, 7LS, EV 73.8 MPH)
|
|
Batting: SHB Tim Connell
|
0-0: Ball 1-0: Ball 2-0: Called Strike 2-1: Ball 3-1: SINGLE (Popup, 4D, EV 61.9 MPH)
|
|
Batting: SHB Yuya Hirata
|
0-0: Ball Tim Connell steals 2nd, throwing error, E2 Tim Connell to third 1-0: Swinging Strike 1-1: Ball 2-1: Swinging Strike 2-2: Ball Wild Pitch! Tim Connell scores 3-2: Foul Ball, location: 2F 3-2: Strikes out looking
|
| Bottom of the 4th over - 1 run, 1 hit, 1 error, 0 left on base; Lowell 4 - Los Angeles (NYP) 1 |
| TOP OF THE 5TH |
|
Lowell Spinners batting - Pitching for Los Angeles (NYP) Angels : RHP Chris Adams
|
|
Batting: RHB Xavier Joslin
|
0-0: Swinging Strike 0-1: Ground out 5-3 (Groundball, 56, EV 108.8 MPH)
|
|
Batting: SHB Salvador Padilla
|
0-0: Ball 1-0: Called Strike 1-1: Swinging Strike 1-2: Ball 2-2: Foul Ball, location: 2F 2-2: Strikes out swinging
|
|
Batting: RHB Tony Gallegos
|
0-0: Ball 1-0: Ball 2-0: Called Strike 2-1: Ball 3-1: Foul Ball, location: 2F 3-2: Strikes out swinging
|
| Top of the 5th over - 0 runs, 0 hits, 0 errors, 0 left on base; Lowell 4 - Los Angeles (NYP) 1 |
| BOTTOM OF THE 5TH |
|
Los Angeles (NYP) Angels batting - Pitching for Lowell Spinners : RHP Austin O'Connor
|
|
Batting: RHB Ron Major
|
0-0: Ball 1-0: Called Strike 1-1: Fly out, F9 (Flyball, 9, EV 86.2 MPH)
|
|
Batting: RHB Nick Lombardo
|
0-0: Ball 1-0: Called Strike 1-1: Foul Ball, location: 2F 1-2: Ball 2-2: Strikes out swinging
|
|
Batting: RHB Khalil Thurston
|
0-0: Called Strike 0-1: Ball 1-1: Ball 2-1: Ball 3-1: Base on Balls
|
|
Batting: LHB Dave Hicks
|
0-0: Called Strike Khalil Thurston steals 2nd base 0-1: Ball 1-1: Foul Ball, location: 2F 1-2: Ball 2-2: Ball 3-2: Base on Balls
|
|
Batting: LHB Mutsuo IIda
|
0-0: Ball 1-0: Called Strike 1-1: Ball 2-1: Called Strike 2-2: Strikes out swinging
|
| Bottom of the 5th over - 0 runs, 0 hits, 0 errors, 2 left on base; Lowell 4 - Los Angeles (NYP) 1 |
| TOP OF THE 6TH |
|
Lowell Spinners batting - Pitching for Los Angeles (NYP) Angels : RHP Chris Adams
|
|
Pitching: RHP Tim Mumpower
|
|
|
Batting: RHB Raul Sanchez
|
0-0: Called Strike 0-1: Ball 1-1: Ball 2-1: Called Strike 2-2: Strikes out swinging
|
|
Batting: RHB Mario Arriero
|
0-0: Called Strike 0-1: Ball 1-1: Called Strike 1-2: Ball 2-2: Strikes out swinging
|
|
Batting: RHB Willie Camacho
|
0-0: Ground out 6-3 (Groundball, 6, EV 91.9 MPH)
|
| Top of the 6th over - 0 runs, 0 hits, 0 errors, 0 left on base; Lowell 4 - Los Angeles (NYP) 1 |
| BOTTOM OF THE 6TH |
|
Los Angeles (NYP) Angels batting - Pitching for Lowell Spinners : RHP Austin O'Connor
|
|
Pitching: RHP Armando Berrios
|
|
|
Batting: RHB T.J. Gray
|
0-0: Ball 1-0: Swinging Strike 1-1: Ball 2-1: Foul Ball, location: 2F 2-2: Ball 3-2: SINGLE (Groundball, 25, EV 60.0 MPH) (infield hit)
|
|
Batting: RHB Dean LeCroy
|
0-0: Ball 1-0: Called Strike 1-1: Ball 2-1: Ball 3-1: Foul Ball, location: 2F 3-2: Base on Balls T.J. Gray to second
|
|
Batting: SHB Tim Connell
|
0-0: Ball 1-0: Fielders Choice at 2nd, 3-6 (Groundball, 3, EV 100.0 MPH) T.J. Gray to third
|
|
Pinch Hitting: LHB Edgar van der Meeren
|
0-0: Ball 1-0: Ball 2-0: Called Strike 2-1: Fly out, F9 (Flyball, 9D, EV 103.1 MPH) Runner from 3rd tags up, SCORES, throw by RF
|
|
Batting: RHB Ron Major
|
0-0: Ball 1-0: Ball Tim Connell is caught stealing 2nd base 2-4
|
| Bottom of the 6th over - 1 run, 1 hit, 0 errors, 0 left on base; Lowell 4 - Los Angeles (NYP) 2 |
| TOP OF THE 7TH |
|
Lowell Spinners batting - Pitching for Los Angeles (NYP) Angels : RHP Tim Mumpower
|
|
Now at 2B: Edward Hillock
|
|
|
Batting: LHB Robert Gonzalez
|
0-0: Called Strike 0-1: Ball 1-1: Foul Ball, location: 2F 1-2: Ball 2-2: Ball 3-2: Strikes out swinging
|
|
Batting: RHB Rogelio Cervantes
|
0-0: Swinging Strike 0-1: Ball 1-1: Foul Ball, location: 2F 1-2: Strikes out looking
|
|
Batting: RHB Aukukero Tairi
|
0-0: Ball 1-0: Called Strike 1-1: Swinging Strike 1-2: Ball 2-2: Ball 3-2: Base on Balls
|
|
Batting: RHB Xavier Joslin
|
0-0: Ball 1-0: Fly out, F9 (Flyball, 89M, EV 86.2 MPH)
|
| Top of the 7th over - 0 runs, 0 hits, 0 errors, 1 left on base; Lowell 4 - Los Angeles (NYP) 2 |
| BOTTOM OF THE 7TH |
|
Los Angeles (NYP) Angels batting - Pitching for Lowell Spinners : RHP Armando Berrios
|
|
Batting: RHB Ron Major
|
0-0: Called Strike 0-1: Ball 1-1: Ball 2-1: Ball 3-1: DOUBLE (Line Drive, 78M, EV 101.9 MPH)
|
|
Batting: RHB Nick Lombardo
|
0-0: Ball 1-0: Called Strike 1-1: Foul Ball, location: 2F 1-2: Ball 2-2: Ball 3-2: Base on Balls
|
|
Batting: RHB Khalil Thurston
|
0-0: Foul Ball, location: 2F 0-1: Fly out, F8 (Line Drive, 89D, EV 85.6 MPH) Runner from 2nd tags up, SAFE at 3rd with throw by CF
|
|
Batting: LHB Dave Hicks
|
0-0: Ball 1-0: Ball 2-0: Ball 3-0: Called Strike 3-1: Called Strike 3-2: Base on Balls Nick Lombardo to second
|
|
Batting: LHB Mutsuo IIda
|
0-0: Called Strike 0-1: Foul Ball, location: 2F 0-2: Foul Ball, location: 2F 0-2: Grounds into double play, 4-2-3 (Groundball, 4, EV 100.6 MPH)
|
| Bottom of the 7th over - 0 runs, 1 hit, 0 errors, 2 left on base; Lowell 4 - Los Angeles (NYP) 2 |
| TOP OF THE 8TH |
|
Lowell Spinners batting - Pitching for Los Angeles (NYP) Angels : RHP Tim Mumpower
|
|
Batting: SHB Salvador Padilla
|
0-0: Ball 1-0: Swinging Strike 1-1: Foul Ball, location: 2F 1-2: Foul Ball, location: 2F 1-2: Ball 2-2: Ball 3-2: Base on Balls
|
|
Pitching: LHP Tyler MacLean
|
|
|
Batting: RHB Tony Gallegos
|
0-0: Ball 1-0: Ball 2-0: Ball 3-0: Foul Ball, location: 2F 3-1: Swinging Strike 3-2: Strikes out swinging
|
|
Batting: RHB Raul Sanchez
|
0-0: Ball 1-0: Ball 2-0: Called Strike 2-1: Ball 3-1: Foul Ball, location: 2F 3-2: Foul Ball, location: 2F 3-2: Strikes out looking
|
|
Batting: RHB Mario Arriero
|
0-0: Ground out 4-3 (Groundball, 34, EV 105.6 MPH)
|
| Top of the 8th over - 0 runs, 0 hits, 0 errors, 1 left on base; Lowell 4 - Los Angeles (NYP) 2 |
| BOTTOM OF THE 8TH |
|
Los Angeles (NYP) Angels batting - Pitching for Lowell Spinners : RHP Armando Berrios
|
|
Batting: RHB T.J. Gray
|
0-0: Called Strike 0-1: Called Strike 0-2: Strikes out swinging
|
|
Batting: RHB Dean LeCroy
|
0-0: Called Strike 0-1: Foul Ball, location: 2F 0-2: Ball 1-2: Ball 2-2: Ground out 6-3 (Groundball, 6, EV 85.6 MPH)
|
|
Batting: SHB Tim Connell
|
0-0: Ball 1-0: Ball 2-0: Foul Ball, location: 2F 2-1: Ball 3-1: Ground out 6-3 (Groundball, 6M, EV 78.8 MPH)
|
| Bottom of the 8th over - 0 runs, 0 hits, 0 errors, 0 left on base; Lowell 4 - Los Angeles (NYP) 2 |
| TOP OF THE 9TH |
|
Lowell Spinners batting - Pitching for Los Angeles (NYP) Angels : LHP Tyler MacLean
|
|
Batting: RHB Willie Camacho
|
0-0: Ball 1-0: Called Strike 1-1: Ball 2-1: Foul Ball, location: 2F 2-2: Ball 3-2: Strikes out swinging
|
|
Batting: LHB Robert Gonzalez
|
0-0: Ball 1-0: Ball 2-0: Called Strike 2-1: Swinging Strike 2-2: Strikes out swinging
|
|
Batting: RHB Rogelio Cervantes
|
0-0: Called Strike 0-1: Ground out 5-3 (Groundball, 5L, EV 108.1 MPH)
|
| Top of the 9th over - 0 runs, 0 hits, 0 errors, 0 left on base; Lowell 4 - Los Angeles (NYP) 2 |
| BOTTOM OF THE 9TH |
|
Los Angeles (NYP) Angels batting - Pitching for Lowell Spinners : RHP Armando Berrios
|
|
Pitching: RHP Tim Tucker
|
|
|
Batting: RHB Edward Hillock
|
0-0: Ball 1-0: Called Strike 1-1: Ball 2-1: Ground out 5-3 (Groundball, 56, EV 78.8 MPH)
|
|
Pinch Hitting: LHB Mario Anguiano
|
0-0: Ball 1-0: SINGLE (Line Drive, 8LS, EV 103.8 MPH)
|
|
Batting: RHB Nick Lombardo
|
0-0: Ball 1-0: Ball 2-0: Foul Ball, location: 2F 2-1: Called Strike 2-2: Fly out, F8 (Flyball, 8RD, EV 89.4 MPH)
|
|
Batting: RHB Khalil Thurston
|
0-0: Ball 1-0: Ball 2-0: SINGLE (Groundball, 6MD, EV 105.0 MPH) Mario Anguiano to second
|
|
Batting: LHB Dave Hicks
|
0-0: Fly out, F8 (Flyball, 8RM, EV 96.9 MPH)
|
| Bottom of the 9th over - 0 runs, 2 hits, 0 errors, 2 left on base; Lowell 4 - Los Angeles (NYP) 2 |
|